 Dungeon Crawl Stone Soup version 0.29-a0-664-gff9cad4a3d (webtiles) character file.

Game seed: 14764014609535655847

4943 dbhg the Cleaver (level 10, -4/81 HPs)
             Began as a Minotaur Fighter on June 22, 2022.
             Was an Initiate of Gozag.
             Slain by an orc warrior
             ... wielding a +0 glaive
              (13 damage)
             ... on level 8 of the Dungeon.
             The game lasted 00:14:54 (7770 turns).

dbhg the Cleaver (Minotaur Fighter)                 Turns: 7770, Time: 00:14:55

Health: -4/81      AC: 13    Str: 31    XL:     10   Next: 28%
Magic:  9/9        EV: 11    Int:  4    God:    Gozag
Gold:   790        SH: 12    Dex: 19    Spells: 9/9 levels left

rFire   . . .      SeeInvis .   a - +2 war axe (vamp)
rCold   . . .      Faith    .   l - +0 kite shield
rNeg    . . .      Spirit   .   r - +0 swamp dragon scales
rPois   +          Reflect  .   (helmet restricted)
rElec   .          Harm     .   J - +1 cloak
rCorr   .          Rampage  .   q - +0 pair of gloves
Will    .....      Rage     1%  (no boots)
Stlth   +.........              (no amulet)
HPRegen 0.23/turn               C - +6 ring of strength
MPRegen 0.11/turn               y - +6 ring of dexterity

@: lethally poisoned (-4 -> -21), spiked, gold aura, on berserk cooldown,
slowed, unable to read, very slow
A: horns 2, retaliatory headbutt, agile 1, berserk 1, frail 1, poison
resistance, inability to read while threatened
a: Renounce Religion, Potion Petition, Call Merchant, Bribe Branch


You were on level 8 of the Dungeon.
You worshipped Gozag.
Gozag was pleased with you.
You visited 2 branches of the dungeon, and saw 9 of its levels.

You collected 1773 gold pieces.
You spent 874 gold pieces at shops.
You paid 109 gold pieces to Gozag.

Inventory:

Hand Weapons
 a - a +2 vampiric war axe (weapon)
 A - a +0 dagger
 I - a +2 quarterstaff of chaos
Missiles
 j - 32 poisoned darts (quivered)
Armour
 l - a +0 kite shield (worn)
 q - a +0 pair of gloves (worn)
 r - +0 swamp dragon scales (worn)
 J - a +1 cloak (worn)
Jewellery
 p - a ring of flight
 s - a ring of poison resistance
 u - a ring of protection from fire
 y - a +6 ring of dexterity (right hand)
 C - a +6 ring of strength (left hand)
Wands
 c - a wand of polymorph (30)
 x - a wand of iceblast (10)
 E - a wand of mindburst (33)
Scrolls
 b - a scroll of silence {unknown}
 d - 3 scrolls of teleportation
 h - a scroll of magic mapping
 i - 2 scrolls of identify
 k - a scroll of poison
 o - 5 scrolls of blinking
 t - a scroll of fog
 D - 2 scrolls of vulnerability
 F - a scroll of enchant armour
 G - a scroll of summoning
 H - a scroll of immolation
Potions
 e - a potion of cancellation
 f - 5 potions of attraction
 g - 3 potions of heal wounds
 m - 2 potions of magic
 n - a potion of berserk rage {unknown}
 v - a potion of brilliance
 w - 3 potions of curing
 z - 2 potions of flight


   Skills:
 * Level 8.5 Fighting
 * Level 11.5 Axes
 * Level 8.2 Armour
 * Level 3.2 Dodging
 - Level 1.0 Stealth
 * Level 9.4 Shields


You had 9 spell levels left.
You didn't know any spells.
Your spell library contained the following spells:

 Spells                   Type           Power      Damage    Failure   Level
 Blink                    Tloc           0%         N/A       95%         2
 Scorch                   Fire           0%         2d5       95%         2
 Ozocubu's Armour         Ice            0%         N/A       99%         3
 Flame Wave               Conj/Fire      0%         2d4       100%        4
 Manifold Assault         Tloc           0%         N/A       100%        5
 Metabolic Englaciation   Hex/Ice        0%         N/A       100%        5
 Summon Cactus Giant      Summ           0%         N/A       100%        6
 Storm Form               Tmut/Air       0%         N/A       100%        7
 Simulacrum               Ice/Necr       Unusable   N/A       N/A         6

Dungeon Overview and Level Annotations

Branches:
Dungeon (8/15)             Temple (1/1) D:4            Lair (0/6) D:8

Altars:
Ashenzari
Cheibriados
Elyvilon
Fedhas
Gozag
Hepliaklqana
Kikubaaqudgha
Makhleb
Nemelex Xobeh
Okawaru
Qazlal
Ru
Sif Muna
Uskayaw
Vehumet
Xom
Yredelemnul
The Shining One

Shops:
D:4 *   D:7 [   D:8 !

Annotations:
D:8 1 runed translucent door


Innate Abilities, Weirdness & Mutations

You have a pair of horns on your head.
You reflexively headbutt those who attack you in melee.
You are agile. (Dex +4, Int/Str-1)
You tend to lose your temper in combat.
You are frail. (-10% HP)
Your system is resistant to poisons. (rPois)
You sometimes lose the ability to read scrolls when taking damage.


Message History

You open the door.
A manticore, a bullfrog, an orc warrior and a meliai come into view.
The meliai buzzes angrily.
The orc warrior shouts!
The meliai mumbles some strange prayers to its god against you.
Something smites you!
You block the meliai's attack. x2; The bullfrog barely misses you.
You furiously retaliate!
You headbutt the bullfrog, but do no damage.
The meliai hits you with a +0 war axe. You block the meliai's attack.
The bullfrog closely misses you.
The orc warrior hits you from afar with a +0 glaive!
You feel threatened and lose the ability to read scrolls!
The meliai hits you but does no damage. You block the meliai's attack.
The bullfrog hits you.
There is an open door here.
You slice the bullfrog!!
You kill the bullfrog!
You slash the meliai! You block the meliai's attack. x2
The meliai hits you but does no damage.
The meliai stings you but does no damage.
The orc warrior completely misses you.
The manticore flicks its tail.
The volley of spikes hits you.
The barbed spikes become lodged in your body.
The meliai mumbles some strange prayers to its god against you.
Something smites you!
The orc warrior hits you from afar with a +0 glaive!
You cannot read scrolls in your current state!
You barely miss the manticore. You hit the meliai.
You block the meliai's attack. The meliai stings you.
* * * LOW HITPOINT WARNING * * *
The meliai hits you with a +0 war axe!
* * * LOW HITPOINT WARNING * * *
The meliai stings you.
* * * LOW HITPOINT WARNING * * *
You are lethally poisoned!
The meliai poisons you!
The orc warrior hits you from afar with a +0 glaive!
You die...
Your body crumbles into a pile of gold.

.[# #..#...≈ ..#
#########....#.. ..#
##...##......##.. ..#
##.....####.#..... ..#
#.......###.#≈...> .<#
... #.......##..#.....
### ....
#.......##....##.. )#
#.... ##+###.....#
#.....#.. .# #....
#...H@#.).####...#...≈
.##...#
#8...y.##.####.....####
.#...#
#....o.##..##.'#.##..#
.#+.#
#......#..##...#....##
..##
.....8##.##...###.###
##(#
+....##......####.## #
###
###+##......##...).# .#
#$$#.......#####..##.#
#[.#.......# #.....#


You could see a manticore, an orc warrior and a meliai.

Vanquished Creatures
  An ugly thing (D:8)
  A komodo dragon (D:8)
  A wyvern (D:7)
  2 water moccasins (D:4)
  5 ice beasts
  2 sky beasts
  4 black bears
  4 ogres
  A centaur (D:6)
  2 phantoms
  5 kobold brigands
  9 bullfrogs
  2 scorpions
  A necrophage (D:7)
  9 howler monkeys
  3 hounds
  2 jellies
  Crazy Yiuf (D:7)
  3 orc priests
  5 iguanas
  4 orc wizards
  18 gnolls (D:4)
  8 adders
  2 white imps
  An ufetubus (D:7)
  3 worms
  4 dart slugs
  29 orcs
  5 bats
  6 endoplasms
  4 giant cockroaches
  2 goblins
  8 hobgoblins
  14 jackals (D:4)
  16 kobolds
  2 quokkas (D:3)
  15 frilled lizards
  4 rats
208 creatures vanquished.

Vanquished Creatures (others)
  18 fungi
  8 plants
26 creatures vanquished.

Grand Total: 234 creatures vanquished

Notes
Turn   | Place    | Note
-------+----------+-------------------------------------------
     0 | D:1      | dbhg the Minotaur Fighter began the quest for the Orb.
     0 | D:1      | Reached XP level 1. HP: 19/19 MP: 0/0
   339 | D:1      | Reached XP level 2. HP: 27/27 MP: 1/1
   877 | D:1      | Found a faded altar of an unknown god.
  1082 | D:1      | Prayed at the altar of an unknown god.
  1082 | D:1      | Became a worshipper of the Shining One
  1082 | D:1      | Reached * piety under the Shining One
  1155 | D:2      | Reached skill level 3 in Axes
  1155 | D:2      | Reached XP level 3. HP: 31/33 MP: 2/2
  1398 | D:3      | Reached XP level 4. HP: 41/41 MP: 3/3
  1510 | D:4      | Found a staircase to the Ecumenical Temple.
  1529 | Temple   | Entered the Ecumenical Temple
  1598 | Temple   | Fell from the grace of the Shining One
  1598 | Temple   | Became a worshipper of Gozag Ym Sagoz the Greedy
  1656 | D:4      | Found a broken altar of Ashenzari.
  1657 | D:4      | Noticed a phantom
  1681 | D:4      | Killed a phantom
  1682 | D:4      | Reached XP level 5. HP: 28/47 MP: 4/4
  1826 | D:4      | Found Zikasol's Serpentskin Sales.
  1826 | D:4      | Noticed a water moccasin
  1826 | D:4      | Noticed a water moccasin
  1836 | D:4      | Killed a water moccasin
  1837 | D:4      | Reached skill level 5 in Fighting
  1837 | D:4      | Reached skill level 4 in Axes
  1837 | D:4      | Reached skill level 5 in Armour
  1837 | D:4      | Reached skill level 5 in Shields
  1837 | D:4      | Killed a water moccasin
  1838 | D:4      | Reached XP level 6. HP: 15/56 MP: 5/5
  2290 | D:4      | Found a stormy altar of Qazlal.
  2509 | D:4      | Found a snail-covered altar of Cheibriados.
  2634 | D:4      | Reached XP level 7. HP: 48/62 MP: 6/6
  2666 | D:4      | Reached skill level 5 in Axes
  3340 | D:4      | Found a glowing golden altar of the Shining One.
  3454 | D:4      | Reached skill level 6 in Axes
  4937 | D:4      | Bought +0 swamp dragon scales for 550 gold pieces
  4937 | D:4      | Bought a ring of poison resistance for 220 gold pieces
  4980 | D:5      | Entered Level 5 of the Dungeon
  4994 | D:5      | Reached XP level 8. HP: 56/71 MP: 7/7
  5147 | D:5      | Reached skill level 7 in Axes
  5168 | D:5      | Reached skill level 1 in Dodging
  5450 | D:5      | Reached skill level 8 in Axes
  5526 | D:5      | Gained mutation: You tend to lose your temper in combat.
                  | [potion of mutation]
  5526 | D:5      | Gained mutation: You are agile. (Dex +4, Int/Str-1) [potion
                  | of mutation]
  5526 | D:5      | Gained mutation: You are robust. (+10% HP) [potion of
                  | mutation]
  5526 | D:5      | Gained mutation: Your spells are a little harder to cast,
                  | but a little more powerful. [potion of mutation]
  5686 | D:6      | Reached XP level 9. HP: 83/86 MP: 8/8
  5695 | D:6      | Reached skill level 9 in Axes
  6160 | D:6      | Reached skill level 1 in Stealth
  6751 | D:7      | Reached skill level 10 in Axes
  6756 | D:7      | Found Kuuda's Antique Armour Emporium.
  7162 | D:7      | Found a runed translucent door.
  7163 | D:7      | Noticed Crazy Yiuf
  7267 | D:7      | Killed Crazy Yiuf
  7376 | D:8      | Found Xybus's Distillery.
  7376 | D:8      | Noticed a komodo dragon
  7387 | D:8      | Killed a komodo dragon
  7411 | D:8      | Reached XP level 10. HP: 96/96 MP: 9/9
  7416 | D:8      | Bought a potion of mutation for 104 gold pieces
  7416 | D:8      | Lost mutation: You are robust. (+10% HP) [potion of
                  | mutation]
  7416 | D:8      | Lost mutation: Your spells are a little harder to cast, but
                  | a little more powerful. [potion of mutation]
  7416 | D:8      | Gained mutation: You sometimes lose the ability to read
                  | scrolls when taking damage. [potion of mutation]
  7416 | D:8      | Gained mutation: You are frail. (-10% HP) [potion of
                  | mutation]
  7416 | D:8      | Gained mutation: Your system is resistant to poisons.
                  | (rPois) [potion of mutation]
  7497 | D:8      | Found a runed translucent door.
  7587 | D:8      | Reached skill level 11 in Axes
  7644 | D:8      | Found a runed translucent door.
  7650 | D:8      | Found a staircase to the Lair.
  7734 | D:8      | Noticed a cyan ugly thing
  7743 | D:8      | Killed a cyan ugly thing
  7767 | D:8      | Noticed a manticore
  7770 | D:8      | Slain by an orc warrior

Illustrated notes

Levels and vault maps discovered:
D:1:      lemuel_arrival_tunnels, layout_basic,
          shapermc_ecumenical_altar_mp_urbaneastern
D:2:      layout_basic, amcnicky_mini_rare_corridor_liquid, minmay_lizard_pond
D:3:      layout_basic, wander_ebering_terrifying_dragon_lair
D:4:      lemuel_castle_with_subvaults [lemuel_castle_interior_original],
          layout_basic, mainiacjoe_overflow_boulevard,
          nicolae_tso_carved_into_rock, kennysheep_slug_shrine,
          evilmike_ruin_ashenzari, temple_fountains, serial_park_tiny_1,
          st_stairs_8, kennysheep_doodads, guppyfry_shop_venom
D:5:      layout_basic, dreamdust_mushroom_princess
D:6:      layout_basic, wad_floor_pattern_2
D:7:      layout_rooms, serial_shops, nicolae_shop_crystal,
          nicolae_figureground_sparkle, uniq_crazy_yiuf_cottage
D:8:      cheibrodos_histonic, layout_rooms, dpeg_oklobed_lair, serial_shops,
          nicolae_shop_hallway_plus
Temple:   eino_temple_water

Skill      XL: |  1  2  3  4  5  6  7  8  9 10 |
---------------+-------------------------------+-----
Fighting       | 4 5 6 7 8 |  8.5
Armour         | 4 5 6 7 8 |  8.2
Shields        | 4 5 6 7 9 |  9.4
Axes           | 3 4 6 8 10 11 | 11.5
Dodging        | 1 2 3 |  3.2
Stealth        | 1 |  1.0

Action                   |  1- 3 |  4- 6 |  7- 9 | 10-12 || total
-------------------------+-------+-------+-------+-------++-------
Melee: War axe           |    42 |    66 |   352 |    33 ||   493
       Headbutt          |    10 |     8 |    65 |     7 ||    90
  Use: Scroll            |     2 |     6 |    13 |       ||    21
       Potion            |       |     3 |     3 |     2 ||     8
 Stab: Distracted        |       |       |     5 |       ||     5
Armor: Scale mail        |    25 |    34 |    83 |       ||   142
       Swamp dragon scal |       |       |    77 |    15 ||    92
Dodge: Dodged            |    10 |    37 |   169 |    14 ||   230
Block: Buckler           |     7 |       |       |       ||     7
       Kite shield       |    11 |    37 |   228 |    25 ||   301

Table legend: (Time is in decaauts)
 A = Elapsed time spent in this place.
 B = Non-inter-level travel time spent in this place.
 C = Inter-level travel time spent in this place.
 D = Time resting spent in this place.
 E = Time spent auto-exploring this place.
 F = Levels seen in this place.
 G = Mean time per level.
                   A        B        C        D        E       F      G
               +--------+--------+--------+--------+--------+-----+--------+
         Total |   7973 |   7753 |    220 |    445 |   4270 |   9 |  885.9 |
       Dungeon |   7878 |   7658 |    220 |    445 |   4221 |   8 |  984.8 |
        Temple |     94 |     94 |      0 |      0 |     49 |   1 |   94.0 |
               +--------+--------+--------+--------+--------+-----+--------+

Top non-repeatable levels by time:
     D:4: 2163 daAuts
     D:1: 1122 daAuts
     D:6: 1119 daAuts
     D:3: 943 daAuts
     D:2: 766 daAuts
     D:5: 694 daAuts
     D:7: 641 daAuts
     D:8: 428 daAuts
  Temple: 94 daAuts
